 Dungeon Crawl Stone Soup version 0.25.1-2-g60ff931df9 (webtiles) character file.

Game seed: 13701836612595607661

1 H0rd4k the Insei (level 1, -5/13 HPs)
             Began as an Octopode Transmuter on Aug 26, 2020.
             Slain by a goblin
             ... wielding a +0 dagger of distortion
              (15 damage)
             ... on level 1 of the Dungeon.
             The game lasted 00:00:41 (131 turns).

H0rd4k the Insei (Octopode Transmuter)               Turns: 131, Time: 00:00:46

Health: -5/13      AC:  1    Str:  9    XL:     1   Next: 20%
Magic:  2/3        EV: 13    Int: 15    God:
Gold:   9          SH:  0    Dex: 12    Spells: 3/4 levels left

rFire    . . .     SeeInvis .     - Unarmed
rCold    . . .     Gourm    .   (no shield)
rNeg     . . .     Faith    .   (helmet restricted)
rPois    .         Spirit   .   (no amulet)
rElec    .         Reflect  .   (no ring)
rCorr    .         Harm     .   (no ring)
MR       .....                  (no ring)
Stlth    ++........             (no ring)
HPRegen  0.04/turn              (no ring)
MPRegen  0.08/turn              (no ring)
                                (no ring)
                                (no ring)

@: very slightly contaminated
A: almost no armour, stealthy swim, amphibious, 8 rings, constrict 8, camouflage
1, gelatinous body 1
a: no special abilities


You were on level 1 of the Dungeon.
You were not hungry.

You visited 1 branch of the dungeon, and saw 1 of its levels.

You collected 9 gold pieces.

Inventory:

Missiles
 a - 12 arrows
Scrolls
 e - a scroll of random uselessness {unknown}
Potions
 d - a potion of degeneration {unknown}
Comestibles
 b - 2 chunks of flesh
 c - a ration


   Skills:
 + Level 1.0 Fighting
 + Level 2.0 Dodging
 + Level 3.0 Unarmed Combat
 + Level 2.0 Spellcasting
 + Level 2.0 Transmutations


You had 3 spell levels left.
You knew the following spells:

 Your Spells              Type           Power        Failure   Level  Hunger
a - Beastly Appendage     Tmut           #.....       10%         1    #......

Your spell library contained the following spells:

 Spells                   Type           Power        Failure   Level  Hunger
 Sticks to Snakes         Tmut           #.......     14%         2    ###....
 Spider Form              Tmut/Pois      #.........   41%         3    ###....
 Ice Form                 Ice/Tmut       #.......     82%         4    #####..
 Blade Hands              Tmut           #.........   95%         5    ######.


Dungeon Overview and Level Annotations

Branches:
Dungeon (1/15)

Altars:


Innate Abilities, Weirdness & Mutations

You cannot wear most types of armour.
You are very stealthy in the water. (Stealth+)
You are amphibious.
You can wear up to eight rings at the same time.
You can use your tentacles to constrict eight enemies at once.
Your skin changes colour to match your surroundings (Stealth+).
Your rubbery body absorbs attacks. (AC +1, EV +1)


Message History

b - 2 chunks of flesh (gained 1)
You see here a frilled lizard skeleton. x2
Found a dagger.
e - a scroll labeled REIM ZETAISO You now have 9 gold pieces.
Found a stone staircase leading down.
A goblin comes into view.
It is wielding a +0 dagger of distortion.
Casting: Beastly Appendage (safe; 10% risk of failure)
Confirm with . or Enter, or press ? or * to list all spells.
You miscast Beastly Appendage.
You are very lightly contaminated with residual magic.
Nothing appears to happen.
The goblin shouts!
You tentacle-slap the goblin but do no damage.
Your grab misses the goblin.
You squeeze the goblin, but do no damage.
The goblin hits you with a +0 dagger of distortion.
Space warps horribly around you!
Ouch! That really hurt!
You die...

.........#.###..
#.............#...≈
..............#.8.≈
#..#..##...##.#...≈
#..#..##...##.#.⌠.≈
#..#..##...##.#...≈
#..#..##...##.#.8.≈
#.g#..##......#...≈ .
#.@#..##).###.#.⌠.≈
...##.............#...≈
...........##..###.#.8.≈
.....#..#.###..# #.#(..≈
...............# #.###..
.#...###.........# #...##<
...# #..#.....## #.#..## #
#.. #..#.##..# #.##...
#.#..####..#.##..####.####.


You could see a goblin.

Vanquished Creatures
  A frilled lizard (D:1)
  A rat (D:1)
2 creatures vanquished.

Notes
Turn   | Place    | Note
-------+----------+-------------------------------------------
     0 | D:1      | H0rd4k the Octopode Transmuter began the quest for the Orb.
     0 | D:1      | Reached XP level 1. HP: 13/13 MP: 3/3
   131 | D:1      | Slain by a goblin

Illustrated notes

Levels and vault maps discovered:
D:1:      mainiacjoe_arrival_reflecting_pool, layout_basic

Action                   || total
-------------------------++-------
Melee: Unarmed           ||     4
       Constrict         ||     1
       Kick              ||     1
       Tentacles         ||     1
 Cast: Beastly Appendage ||     2
Dodge: Dodged            ||     2
